 Dungeon Crawl Stone Soup version 0.30-a0-170-g85af917532 (webtiles) character file.

Game seed: 6110382678883958777

1266 qw the Chopper (level 8, -1/50 HPs)
             Began as a Gargoyle Fighter on Sept 30, 2022.
             Slain by Crazy Yiuf
             ... wielding a +4 quarterstaff of chaos
              (6 damage)
             ... on level 4 of the Dungeon.
             The game lasted 00:01:54 (5484 turns).

qw the Chopper (Gargoyle Fighter)                   Turns: 5484, Time: 00:01:55

Health: -1/50      AC: 17    Str: 21    XL:     8   Next: 52%
Magic:  8/8        EV:  8    Int: 10    God:
Gold:   100        SH:  4    Dex:  9    Spells: 7/7 levels left

rFire   . . .      SeeInvis .    Y - +1 war axe
rCold   . . .      Faith    .    c - +0 buckler
rNeg    + . .      Spirit   .    h - +0 chain mail
rPois   inf        Reflect  .    (no helmet)
rElec   +          Harm     .    o - +0 cloak "Obluzaik" {rCorr}
rCorr   +          Rampage  .    (no gloves)
Will    .....                    r - +0 pair of boots
Stlth   ..........               i - amulet of the acrobat
HPRegen 0.16/turn                (no ring)
MPRegen 0.11/turn                (no ring)

@: about to teleport
A: sickness immunity, AC +5, negative energy resistance 1, electricity
resistance, torment resistance 1, petrification resistance
a: no special abilities


You were on level 4 of the Dungeon.
You visited 1 branch of the dungeon, and saw 6 of its levels.

You collected 201 gold pieces.
You spent 101 gold pieces at shops.


Innate Abilities, Weirdness & Mutations

You are immune to sickness and miasma.
Your stone body is resilient. (AC +5)
You are immune to poison.
You resist negative energy. (rN+)
You are resistant to electric shocks. (rElec)
You are resistant to unholy torment.
You are immune to petrification.


   Skills:
 - Level 5.5 Fighting
 + Level 7.3 Axes
 - Level 4.8 Armour
 - Level 2.5 Dodging
 - Level 3.2 Shields


You had 7 spell levels left.
You didn't know any spells.
Your spell library was empty.

Inventory:

Hand Weapons
 j - a +0 whip
 Y - a +1 war axe (weapon)
Armour
 b - the +0 pair of boots of Unreason {rF- Dex+6}
   (You acquired it on level 6 of the Dungeon)

   Dex:       It affects your dexterity (+6).
   rF:        It makes you vulnerable to fire.
 c - a +0 buckler (worn)
 g - a +2 chain mail of cold resistance
 h - a +0 chain mail (worn)
 o - the +0 cloak "Obluzaik" (worn) {rCorr}
   (You found it on level 3 of the Dungeon)

   rCorr:     It protects you from acid and corrosion.
 r - a +0 pair of boots (worn)
Jewellery
 i - an amulet of the acrobat (around neck)
Scrolls
 f - 3 scrolls of identify
 k - a scroll of teleportation
Potions
 a - a potion of lignification
 d - a potion of might
 e - 2 potions of attraction

Dungeon Overview and Level Annotations

Branches:
Dungeon (6/15)             Temple (0/1) D:6

Altars:
Fedhas
Gozag
Qazlal

Shops:
D:3 *

Annotations:
D:4 1 runed translucent door, Crazy Yiuf, Edmund


Message History

You barely miss Edmund.
Edmund is heavily wounded.
Edmund hits you but does no damage.
You closely miss Edmund.
Edmund is heavily wounded.
Edmund hits you with a +1 vorpal dire flail.
You barely miss Edmund.
Edmund is heavily wounded.
Edmund hits you but does no damage.
Edmund hits you with a +1 vorpal dire flail!
You completely miss Edmund.
Edmund is heavily wounded.
You block Edmund's attack.
You closely miss Edmund.
Edmund is heavily wounded.
Edmund says, "People will remember me!
They'll remember me and die!"
Edmund hits you with a +1 vorpal dire flail!
You hit Edmund.
Edmund is heavily wounded.
Edmund hits you with a +1 vorpal dire flail!
5480 ||| READING 3 scrolls of teleportation.
As you read the scroll of teleportation, it crumbles to dust.
You feel strangely unstable. Edmund hits you but does no damage.
You slash Edmund!
Edmund is severely wounded.
Edmund hits you but does no damage.
You closely miss Edmund.
Edmund is severely wounded.
Your surroundings suddenly seem different.
Crazy Yiuf shouts!
5483 ||| READING 2 scrolls of teleportation.
As you read the scroll of teleportation, it crumbles to dust.
You feel strangely unstable.
Crazy Yiuf hits you with a +4 quarterstaff of chaos.
Crazy Yiuf freezes you.
You slash Crazy Yiuf!
Crazy Yiuf is severely wounded.
Crazy Yiuf hits you with a +4 quarterstaff of chaos.
You die...

####.#.....#
77...7
.....##....#
77.77
.....##....#
77.7
......'....#
7.77
.....##...###
77.7
...:.#####..#
7.77
.....##.))..#
##+##
......#.....#
#...#
......#.....#
#@g.#
#######....##
#)..# ######
#####


You could see Crazy Yiuf.

Vanquished Creatures
  Grinder (D:3)
  Sigmund (D:3)
  Menkaure (D:4)
  An ogre (D:3)
  A kobold brigand (D:6)
  A necrophage (D:6)
  2 scorpions (D:4)
  2 jellies (D:6)
  4 iguanas
  Natasha (thrice) (D:2)
  An orc wizard (D:4)
  8 adders
  3 worms
  A dart slug (D:2)
  6 orcs
  7 ball pythons
  4 bats
  7 endoplasms
  4 giant cockroaches
  8 goblins
  14 hobgoblins
  6 jackals
  2 quokkas
  3 frilled lizards (D:1)
  9 kobolds
  6 rats
106 creatures vanquished.

Notes
Turn   | Place    | Note
-------+----------+-------------------------------------------
     0 | D:1      | qw the Gargoyle Fighter began the quest for the Orb.
     0 | D:1      | Reached XP level 1. HP: 14/14 MP: 1/1
     0 | D:1      | 0 ||| qw: Version: 0.2-a-12-gaebbb33
     0 | D:1      | 0 ||| qw: Game counter: 1573
     0 | D:1      | 0 ||| qw: Always use a shield: true
     0 | D:1      | 0 ||| qw: God list: Okawaru
     0 | D:1      | 0 ||| qw: Allow faded altars: false
     0 | D:1      | 0 ||| qw: Do Orc after D:15 true
     0 | D:1      | 0 ||| qw: Do second Lair branch before Depths: true
     0 | D:1      | 0 ||| qw: Lair rune preference: random
     0 | D:1      | 0 ||| qw: Plans: Normal, Zot:1-4, God:TSO, Crypt, Tomb,
                  | Pan, Slime:5, Hells, Abyss, Orb
     0 | D:1      | 0 ||| PLANNING D:1-11
    50 | D:1      | 50 ||| Stepping ~*~*~tactically~*~*~ (stealth).
    55 | D:1      | 55 ||| Stepping ~*~*~tactically~*~*~ (stealth).
    57 | D:1      | 57 ||| Stepping ~*~*~tactically~*~*~ (stealth).
    61 | D:1      | Reached skill level 2 in Axes
   256 | D:1      | Found a faded altar of an unknown god.
   281 | D:1      | Reached XP level 2. HP: 19/19 MP: 2/2
   419 | D:1      | 419 ||| Stepping ~*~*~tactically~*~*~ (stealth).
   649 | D:1      | Reached skill level 3 in Axes
   705 | D:1      | 705 ||| DROPPING +0 club.
   788 | D:1      | Reached XP level 3. HP: 17/23 MP: 3/3
  1247 | D:1      | 1247 ||| UPGRADING to amulet of the acrobat.
  1252 | D:1      | 1252 ||| READING scroll labelled PAOSATROSM.
  1253 | D:1      | 1253 ||| READING scroll labelled OSYUDEESTO.
  1254 | D:1      | 1254 ||| READING scroll labelled VONTUD NASYFA.
  1314 | D:2      | 1314 ||| STAIRDANCE
  1314 | D:2      | Noticed Natasha
  1321 | D:2      | 1321 ||| STAIRDANCE
  1374 | D:2      | 1374 ||| STAIRDANCE
  1418 | D:2      | Killed Natasha
  1419 | D:2      | Reached skill level 4 in Axes
  1419 | D:2      | Reached XP level 4. HP: 17/28 MP: 4/4
  1606 | D:2      | Noticed Natasha
  1607 | D:2      | 1607 ||| Stepping ~*~*~tactically~*~*~ (stealth).
  1608 | D:2      | 1608 ||| Stepping ~*~*~tactically~*~*~ (stealth).
  1631 | D:2      | 1631 ||| Stepping ~*~*~tactically~*~*~ (stealth).
  1637 | D:2      | Killed Natasha
  1642 | D:2      | 1642 ||| Stepping ~*~*~tactically~*~*~ (stealth).
  1911 | D:2      | 1911 ||| Stepping ~*~*~tactically~*~*~ (stealth).
  1913 | D:2      | 1913 ||| Stepping ~*~*~tactically~*~*~ (hiding).
  2028 | D:2      | Noticed Natasha
  2033 | D:2      | Killed Natasha
  2034 | D:2      | Reached XP level 5. HP: 27/32 MP: 5/5
  2317 | D:2      | 2317 ||| READING 3 scrolls labelled LEIGOE GACUACS.
  2318 | D:2      | 2318 ||| READING 3 scrolls labelled TYGUMI OPHUC.
  2322 | D:2      | 2322 ||| READING scroll labelled OXE ITYOPAHAKH.
  2323 | D:2      | 2323 ||| READING scroll labelled PISHRU QATOWNI.
  2324 | D:2      | 2324 ||| DRINKING 2 yellow potions.
  2325 | D:2      | 2325 ||| DRINKING 3 golden potions.
  2326 | D:2      | 2326 ||| DRINKING 2 viscous brown potions.
  2327 | D:2      | 2327 ||| DROPPING 2 scrolls of fear.
  2379 | D:3      | Noticed Grinder
  2382 | D:3      | Paralysed by Grinder for 5 turns
  2387 | D:3      | HP: 7/32 [Grinder (2)]
  2387 | D:3      | HP: 1/32 [Grinder/nerve-wracking pain (6)]
  2388 | D:3      | 2388 ||| READING 2 scrolls of teleportation.
  2389 | D:3      | 2389 ||| DRINKING potion of heal wounds.
  2392 | D:3      | Paralysed by Grinder for 3 turns
  2409 | D:3      | Reached skill level 5 in Axes
  2412 | D:3      | Killed Grinder
  2413 | D:3      | Reached XP level 6. HP: 21/40 MP: 6/6
  2593 | D:3      | Identified the +0 cloak "Obluzaik" {rCorr}
  2676 | D:3      | Found Tiuwk's Assorted Antiques.
  2677 | D:3      | 2677 ||| Stepping ~*~*~tactically~*~*~ (stealth).
  2693 | D:3      | Noticed Sigmund
  2694 | D:3      | 2694 ||| Stepping ~*~*~tactically~*~*~ (stealth).
  2703 | D:3      | 2703 ||| DRINKING potion of curing.
  2703 | D:3      | 2703 ||| (to cure confusion)
  2710 | D:3      | Killed Sigmund
  2711 | D:3      | Reached XP level 7. HP: 34/44 MP: 7/7
  2779 | D:3      | 2779 ||| BUYING brown potion (23 gold).
  2779 | D:3      | Bought a brown potion for 23 gold pieces
  2779 | D:3      | 2779 ||| SHOPLISTING glowing scale mail (182 gold, have
                  | 92).
  2779 | D:3      | 2779 ||| BUYING scroll labelled ENNAWNIOLLU (26 gold).
  2779 | D:3      | Bought a scroll labelled ENNAWNIOLLU for 26 gold pieces
  2779 | D:3      | 2779 ||| BUYING scroll of identify (52 gold).
  2779 | D:3      | Bought a scroll of identify for 52 gold pieces
  2859 | D:3      | 2859 ||| Stepping ~*~*~tactically~*~*~ (stealth).
  2873 | D:3      | You fall into a shaft and drop 3 floors!
  3125 | D:6      | 3125 ||| Stepping ~*~*~tactically~*~*~ (stealth).
  3127 | D:6      | 3127 ||| Stepping ~*~*~tactically~*~*~ (stealth).
  3427 | D:6      | Reached skill level 6 in Axes
  3632 | D:6      | Found a staircase to the Ecumenical Temple.
  3708 | D:6      | 3708 ||| UPGRADING to +0 chain mail.
  3718 | D:6      | 3718 ||| DROPPING +0 scale mail.
  3719 | D:6      | 3719 ||| UPGRADING to +0 cloak "Obluzaik" {rCorr}.
  3724 | D:6      | 3724 ||| UPGRADING to +0 pair of boots.
  3729 | D:6      | 3729 ||| DROPPING +0 scale mail of willpower.
  3730 | D:6      | 3730 ||| READING scroll labelled ICADDY LOIXT.
  3730 | D:6      | Identified a scroll of acquirement
  3730 | D:6      | 3730 ||| ACQUIRING +0 pair of boots of Unreason {rF- Dex+6}
  3730 | D:6      | Acquired the +0 pair of boots of Unreason {rF- Dex+6}
  3732 | D:6      | 3732 ||| READING scroll labelled UNYEVI WEOCW.
  3733 | D:6      | 3733 ||| READING scroll labelled ENNAWNIOLLU.
  3734 | D:6      | 3734 ||| READING 6 scrolls of identify.
  3734 | D:6      | 3734 ||| IDENTIFYING brown potion
  3735 | D:6      | 3735 ||| READING 5 scrolls of identify.
  3735 | D:6      | 3735 ||| IDENTIFYING fizzy emerald potion
  3736 | D:6      | 3736 ||| READING 4 scrolls of identify.
  3736 | D:6      | 3736 ||| IDENTIFYING murky purple potion
  3737 | D:6      | 3737 ||| READING 3 scrolls of identify.
  3737 | D:6      | 3737 ||| IDENTIFYING metallic white potion
  3738 | D:6      | 3738 ||| READING 2 scrolls of identify.
  3738 | D:6      | 3738 ||| IDENTIFYING puce potion
  3739 | D:6      | 3739 ||| DROPPING potion of magic.
  3740 | D:6      | 3740 ||| DROPPING potion of flight.
  3741 | D:6      | 3741 ||| DROPPING potion of ambrosia.
  3742 | D:6      | 3742 ||| DROPPING potion of invisibility.
  3745 | D:6      | 3745 ||| FLEEEEING.
  3746 | D:6      | 3746 ||| FLEEEEING.
  3747 | D:6      | 3747 ||| FLEEEEING.
  3748 | D:6      | 3748 ||| FLEEEEING.
  3749 | D:6      | 3749 ||| STAIRDANCE
  3750 | D:5      | Entered Level 5 of the Dungeon
  3761 | D:5      | Found a stormy altar of Qazlal.
  3813 | D:4      | Found a runed translucent door.
  3814 | D:4      | Noticed Crazy Yiuf
  3869 | D:4      | 3869 ||| Stepping ~*~*~tactically~*~*~ (stealth).
  3991 | D:3      | 3991 ||| Stepping ~*~*~tactically~*~*~ (stealth).
  4132 | D:3      | Reached XP level 8. HP: 47/50 MP: 8/8
  4200 | D:3      | Found a blossoming altar of Fedhas.
  4586 | D:3      | 4586 ||| DROPPING amulet of faith.
  4587 | D:3      | 4587 ||| READING scroll labelled SIT CYT BUS.
  4663 | D:4      | Reached skill level 7 in Axes
  4698 | D:4      | 4698 ||| Stepping ~*~*~tactically~*~*~ (hiding).
  4700 | D:4      | 4700 ||| Stepping ~*~*~tactically~*~*~ (hiding).
  4701 | D:4      | 4701 ||| Stepping ~*~*~tactically~*~*~ (hiding).
  4875 | D:4      | 4875 ||| FLEEEEING.
  4876 | D:4      | 4876 ||| FLEEEEING.
  4879 | D:4      | 4879 ||| FLEEEEING.
  4880 | D:4      | 4880 ||| FLEEEEING.
  4881 | D:4      | 4881 ||| FLEEEEING.
  4882 | D:4      | 4882 ||| FLEEEEING.
  4886 | D:4      | 4886 ||| FLEEEEING.
  4887 | D:4      | 4887 ||| FLEEEEING.
  4888 | D:4      | 4888 ||| FLEEEEING.
  4889 | D:4      | 4889 ||| FLEEEEING.
  4890 | D:4      | 4890 ||| FLEEEEING.
  4891 | D:4      | 4891 ||| FLEEEEING.
  4894 | D:4      | 4894 ||| STAIRDANCE
  5037 | D:4      | Found an opulent altar of Gozag.
  5106 | D:4      | 5106 ||| Stepping ~*~*~tactically~*~*~ (stealth).
  5147 | D:4      | Noticed Menkaure
  5148 | D:4      | 5148 ||| Stepping ~*~*~tactically~*~*~ (hiding).
  5149 | D:4      | 5149 ||| Stepping ~*~*~tactically~*~*~ (hiding).
  5152 | D:4      | 5152 ||| Stepping ~*~*~tactically~*~*~ (hiding).
  5166 | D:4      | Killed Menkaure
  5270 | D:4      | 5270 ||| Stepping ~*~*~tactically~*~*~ (stealth).
  5466 | D:4      | Noticed Edmund
  5479 | D:4      | HP: 11/50 [Edmund/+1 vorpal dire flail (2)]
  5480 | D:4      | 5480 ||| READING 3 scrolls of teleportation.
  5483 | D:4      | 5483 ||| READING 2 scrolls of teleportation.
  5483 | D:4      | HP: 5/50 [Crazy Yiuf/+4 quarterstaff of chaos (1)]
  5484 | D:4      | Slain by Crazy Yiuf

Levels and vault maps discovered:
D:1:      tarquinn_simple_flora_water_e, layout_loops_corners,
          shapermc_ecumenical_altar_venn
D:2:      layout_basic, dk_vineyard_3, uniq_natasha
D:3:      layout_loops_ring, fedhas_altar_fruit_tree, serial_shops,
          nicolae_shop_waterfront, serial_aquarium, aquarium_bridge_straight
          [aquarium_subvault_bridge, aquarium_subvault_window,
          aquarium_subvault_bridge, aquarium_subvault_window],
          aquarium_window_1, aquarium_window_corner, aquarium_view_2b,
          aquarium_view_4, aquarium_balcony_1b, aquarium_pool_corner,
          uniq_grinder, uniq_sigmund
D:4:      layout_gridville, mainiacjoe_overflow_boulevard,
          mainiacjoe_overflow_24_doors, nicolae_elevator_lobby_plus,
          uniq_edmund, uniq_crazy_yiuf_cottage, uniq_menkaure
D:5:      layout_loops_ring, grunt_qazlal_sundering, lemuel_tele_altar,
          minmay_misc_feat_more_columns
D:6:      layout_basic, minmay_temple_entry_glassed_door,
          minmay_misc_feat_tower, kennysheep_generic_room_8

Skill      XL: |  1  2  3  4  5  6  7  8 |
---------------+-------------------------+-----
Axes           | 2 3 4 5 6 7 |  7.3
Fighting       | 5 |  5.5
Dodging        | 2 |  2.5
Armour         | 4 |  4.8
Shields        | |  3.2

Action                   |  1- 3 |  4- 6 |  7- 9 || total
-------------------------+-------+-------+-------++-------
Melee: War axe           |    95 |    90 |   172 ||   357
  Use: Scroll            |     3 |     5 |    11 ||    19
       Potion            |       |     5 |       ||     5
Armor: Scale mail        |    51 |    27 |    20 ||    98
       Chain mail        |       |       |    52 ||    52
Dodge: Dodged            |    47 |    31 |    54 ||   132
Block: Buckler           |    14 |    13 |    18 ||    45

Table legend:
 A = Non-vault XP
 B = Vault XP
 C = Vault XP percentage of total XP
 D = Non-vault monster count
 E = Vault monster count
 F = Vault count percentage of total count
                 A         B        C        D         E       F
            +---------+---------+-------+---------+---------+-------
      Total |    1094 |     715 |  39.5 |     102 |       4 |   3.8
            +---------+---------+-------+---------+---------+-------
        D:1 |      64 |       0 |   0.0 |      32 |       0 |   0.0
        D:2 |     109 |      35 |  24.3 |      15 |       1 |   6.2
        D:3 |     204 |     508 |  71.3 |      24 |       2 |   7.7
        D:4 |     321 |     172 |  34.9 |      21 |       1 |   4.5
        D:6 |     396 |       0 |   0.0 |      10 |       0 |   0.0
            +---------+---------+-------+---------+---------+-------
